 Dungeon Crawl Stone Soup version 0.21-a0-529-g8c7b3f5 (webtiles) character file.

61 shroudfire the Charmwright (level 3, -1/30 HPs)
             Began as a Draconian Skald on Dec 11, 2017.
             Slain by a worker ant (6 damage)
             ... on level 3 of the Dungeon.
             The game lasted 00:08:37 (1477 turns).

shroudfire the Charmwright (Draconian Skald)        Turns: 1477, Time: 00:08:38

Health: -1/30      AC:  4    Str: 13    XL:     3   Next: 83%
Magic:  15/15      EV: 12    Int: 13    God:
Gold:   100        SH:  0    Dex: 11    Spells: 5/6 levels left

rFire    . . .     SeeInvis .   a - +0 falchion
rCold    . . .     Gourm    .   (no shield)
rNeg     . . .     Faith    .   (armour unavailable)
rPois    .         Spirit   .   (helmet restricted)
rElec    .         Reflect  .   i - +1 cloak
rCorr    .         Harm     .   (no gloves)
MR       .....                  (no boots)
Stlth    +.........             (no amulet)
HPRegen  0.10/turn              m - ring of magical power
MPRegen  0.14/turn              e - -3 ring of protection (curse)

@: lethally poisoned (-1 -> -9)
A: unfitting armour, cold-blooded, AC +5
a: no special abilities


You were on level 3 of the Dungeon.
You were hungry.

You visited 1 branch of the dungeon, and saw 3 of its levels.

You collected 100 gold pieces.

Inventory:

Hand Weapons
 a - a +0 falchion (weapon)
Armour
 i - a +1 cloak (worn)
 j - a +0 leather armour
Jewellery
 e - a cursed -3 ring of protection (right hand)
 m - a ring of magical power (left hand)
Scrolls
 f - a scroll of enchant weapon
 o - a scroll of amnesia
 p - a scroll of teleportation {unknown}
 q - a scroll of identify
Potions
 d - a potion of lignification {unknown}
 h - 2 potions of resistance {unknown}
Books
 b - a book of Battle

   Spells                             Type                      Level
   a - Infusion                       Charms                       1
   b - Shroud of Golubria             Charms/Translocation         2
   c - Song of Slaying                Charms                       2
   d - Spectral Weapon                Hexes/Charms                 3
   e - Regeneration                   Charms/Necromancy            3
 l - a book of Minor Magic

   Spells                             Type                      Level
   a - Magic Dart                     Conjuration                  1
   b - Blink                          Translocation                2
   c - Call Imp                       Summoning                    2
   d - Slow                           Hexes                        2
   e - Conjure Flame                  Conjuration/Fire             3
   f - Mephitic Cloud                 Conjuration/Poison/Air       3
Comestibles
 c - a bread ration
 g - a meat ration
 k - 2 royal jellies
 n - 3 fruits


   Skills:
 + Level 2.5 Fighting
 + Level 2.6 Long Blades
 + Level 2.7 Dodging
 + Level 0.3 Stealth
 + Level 2.1 Spellcasting
 + Level 3.2 Charms


You had 5 spell levels left.
You knew the following spells:

 Your Spells              Type           Power        Failure   Level  Hunger
a - Infusion              Chrm           #...         7%          1    ##.....


Dungeon Overview and Level Annotations

Branches:
Dungeon (3/15)

Altars:
Gozag


Innate Abilities, Weirdness & Mutations

Your plain brown scales are hard. (AC +5)
You cannot fit into any form of body armour.
You are cold-blooded and may be slowed by cold attacks.


Message History

You kill the adder!
The worker ant bites you.
You hit the worker ant.
The worker ant is heavily wounded.
The worker ant bites you.
You are more poisoned.
The worker ant poisons you!
The worker ant bites you but does no damage.
You barely miss the worker ant.
The worker ant is heavily wounded.
You feel sick. The worker ant bites you.
* * * LOW HITPOINT WARNING * * *
You hit the worker ant.
Your tail-slap misses the worker ant.
The worker ant is heavily wounded.
* * * LOW HITPOINT WARNING * * *
You feel sick. The worker ant barely misses you.
You open the door.
* * * LOW HITPOINT WARNING * * *
You feel sick. The worker ant bites you.
You die...

###...####
........ #...# #
#<..# #. ##..#
#.. #.(.+ #...
#...#
##....#†a.#####
......'@........
......##.......#
...## #.......#
. #.......#
..###...# ###
.... ..#


You could see a worker ant.

Vanquished Creatures
  2 adders
  An ooze (D:1)
  A worm (D:2)
  2 leopard geckos
  An orc (D:2)
  A giant cockroach (D:1)
  4 goblins
  2 hobgoblins
  2 jackals (D:1)
  2 quokkas (D:2)
  3 ball pythons
  3 bats
  3 frilled lizards
  2 kobolds (D:2)
  5 rats
34 creatures vanquished.

Notes
Turn   | Place    | Note
-------+----------+-------------------------------------------
     0 | D:1      | shroudfire the Draconian Skald began the quest for the Orb.
     0 | D:1      | Reached XP level 1. HP: 17/17 MP: 3/3
   739 | D:1      | Reached XP level 2. HP: 25/25 MP: 5/5
   745 | D:1      | Reached skill level 3 in Charms
  1015 | D:2      | Found an opulent altar of Gozag.
  1164 | D:2      | Reached XP level 3. HP: 27/30 MP: 6/6
  1477 | D:3      | Slain by a worker ant

Vault maps used:
D:1:      minmay_arrival_five_plusses
D:2:      roderic_filled_cross, nicolae_gozag_cash_rules_everything_around_me

Skill      XL: |  1  2 |
---------------+-------+-----
Charms         | 3 |  3.2
Fighting       | |  2.5
Long Blades    | |  2.6
Dodging        | |  2.7
Stealth        | |  0.3
Spellcasting   | |  2.1

Action                   || total
-------------------------++-------
Melee: Falchion          ||    91
       Tailslap          ||     9
 Cast: Infusion          ||     1
  Use: Scroll            ||     5
 Stab: Sleeping          ||     1
  Eat: Chunk             ||     1
Armor: Skin              ||    24
Dodge: Dodged            ||    71
       Rpst.: Falchion   ||    28

Table legend:
 A = Spawn XP
 B = Non-spawn XP
 C = Spawn XP percentage of total XP
 D = Spawn monster count
 E = Non-spawn monster count
 F = Spawn count percentage of total count
 G = Total turns spent on level
                    A         B        C        D         E        F      G
               +---------+---------+-------+---------+---------+-------+---------
         Total |       0 |      88 |   0.0 |       0 |      34 |   0.0 |  1477
               +---------+---------+-------+---------+---------+-------+---------
           D:1 |       0 |      32 |   0.0 |       0 |      17 |   0.0 |   956
           D:2 |       0 |      43 |   0.0 |       0 |      16 |   0.0 |   505
           D:3 |       0 |      13 |   0.0 |       0 |       1 |   0.0 |    16
               +---------+---------+-------+---------+---------+-------+---------
